Cogmind - Beta 14 @@@ ROGUE MODE // 2024.11.16 @ 21:48:31 Player: BEEEEES Result: Destroyed by ZX-ZL7(z) with Makeshift Shrapnel Gun Performance ------------- Evolutions (1) 500 Regions Visited (4) 800 Robots Destroyed (39) 195 Value Destroyed (1021) 1021 Prototype IDs (1) 20 Alien Tech Used (0) 0 Bonus (-2) -2 TOTAL SCORE: 2534 Bonus ------- High Alert Combat Kills 2 Friendly Fire -4 Cogmind --------- Core Integrity 0/400 Matter 138/300 Energy 96/100 System Corruption 0% Temperature Cool (0) Movement Walking (120) Location -7/Zion Parts ------- > --- POWER (1) -------- (None) > --- PROPULSION (3) --- Aluminum Leg Aluminum Leg Aluminum Leg > --- UTILITY (3) ------ Small Storage Unit Seismic Detector > --- WEAPON (2) ------- Mini Grenade Launcher > --- INVENTORY (8) ---- Light Nuclear Core Aluminum Leg Heat Sink ECM Suite Light Armor Plating Mining Laser Mining Laser Katana Peak State ------------ > --- POWER ------------ Improved Ion Engine > --- PROPULSION ------- Aluminum Leg Aluminum Leg Wheel > --- UTILITY ---------- Heat Sink Small Storage Unit ECM Suite > --- WEAPON ----------- Heavy Assault Rifle Improved Assault Rifle > --- INVENTORY -------- Improved Ion Engine ECM Suite Light Armor Plating EM Pulse Gun Light Assault Rifle Mini Grenade Launcher Mining Laser Welding Torch [Rating: 14] Favorites ----------- Power Improved Ion Engine Engine Improved Ion Engine Propulsion Aluminum Leg Leg Aluminum Leg Wheel Wheel Hover Unit Hover Unit Utility Small Storage Unit Device Seismic Detector Storage Small Storage Unit Protection Light Armor Plating Weapon Improved Light Cannon Ballistic Gun Heavy Assault Rifle Ballistic Cannon Improved Light Cannon Launcher Mini Grenade Launcher Special Weapon Mining Laser Slashing Weapon Katana Build | -11 -10 -9 -9 -7 ------- Run | Yrd Mat Mat Min Zio Slots Evolved 2 | . . 2 . . Power . | . . . . . Propulsion 1 | . . 1 . . Utility 1 | . . 1 . . Weapon . | . . . . . Parts Attached 57 | . 8 47 2 . Power 5 | . 1 4 . . Engine 5 | . 1 4 . . Core . | . . . . . Reactor . | . . . . . Propulsion 14 | . . 13 1 . Treads . | . . . . . Leg 10 | . . 9 1 . Wheel 2 | . . 2 . . Hover 2 | . . 2 . . Flight . | . . . . . Utility 8 | . 1 6 1 . Device 7 | . 1 5 1 . Storage . | . . . . . Processor . | . . . . . Hackware . | . . . . . Protection 1 | . . 1 . . Artifact . | . . . . . Weapon 30 | . 6 24 . . Energy Gun . | . . . . . Energy Cannon . | . . . . . Ballistic Gun 11 | . 3 8 . . Ballistic Cannon 5 | . . 5 . . Launcher 1 | . . 1 . . Special Weapon 7 | . 3 4 . . Impact Weapon . | . . . . . Slashing Weapon 6 | . . 6 . . Piercing Weapon . | . . . . . Special Melee Weapon . | . . . . . Unidentified Prototypes 1 | . . 1 . . Parts Lost 15 | . . 12 . 3 Power 2 | . . 1 . 1 Propulsion 7 | . . 7 . . Utility 2 | . . 1 . 1 Weapon 4 | . . 3 . 1 Highest Loss Streak 4 | . . 4 . 3 To Critical Strikes . | . . . . . Average Slot Usage (%) 90 | . 98 87 100 95 Engine 11 | . 14 10 11 10 Leg 21 | . 28 17 33 33 Wheel 2 | . . 3 . . Hover 1 | . . 1 . . Device 18 | . 12 19 21 21 Storage 11 | . 14 11 11 11 Protection 1 | . . 2 1 . Ballistic Gun 10 | . 21 9 . . Ballistic Cannon 4 | . . 5 11 8 Launcher 1 | . . . 11 11 Special Weapon 2 | . 6 1 . . Slashing Weapon 2 | . . 4 . . Peak Build Rating 14 | . 9 14 13 13 Average Rating 11 | . 7 12 12 12 On Entrance 9 | 6 6 9 11 13 Naked Turns . | . . . . . Heaviest Build 24 | 10 15 22 24 24 Greatest Support 33 | 20 20 33 30 30 Greatest Overweight (x) 6 | . . 6 . . Average Overweight (x) . | . . . . . Largest Inventory Capacity 8 | . 8 8 8 8 Average Capacity 8 | . 8 8 8 8 Most Carried 8 | . 8 8 8 8 Average Carried 7 | . 7 7 7 8 Final Capacity 8 | 8 8 8 8 8 Final Carried 8 | 6 8 8 8 8 Class Distribution -------------------- 54% | Mutant 45% | Scavenger-Mutant Dominant Class ---------------- Mutant | -10/Materials Mutant | -9/Materials Scavenger-Mutant | -9/Mines Scavenger-Mutant | -7/Zion Resources | -11 -10 -9 -9 -7 ----------- Run | Yrd Mat Mat Min Zio Matter Collected 1038 | 200 46 742 50 . Remotely . | . . . . . Salvage Created 1191 | . 46 1138 . 7 Parts 86 | . 5 80 . 1 Haulers Intercepted . | . . . . . Recyclers Shooed 1 | . . 1 . . Parts Field Recycled 7 | . . . 7 . Retrieved Matter 63 | . . . 63 . Parts Self-Destructed . | . . . . . Prevented . | . . . . . Kills | -11 -10 -9 -9 -7 ------- Run | Yrd Mat Mat Min Zio Combat Hostiles Destroyed 32 | . 3 29 . . Melee 2 | . . 2 . . Guns 15 | . 3 12 . . Cannons 10 | . . 10 . . AOE 4 | . . 4 . . Classes Destroyed 9 | . 1 7 . 1 Worker 1 | . . 1 . . Builder 3 | . . 3 . . Recycler 1 | . . 1 . . Watcher 1 | . . 1 . . Swarmer 10 | . 3 7 . . Grunt 14 | . . 14 . . Duelist 2 | . . 2 . . Sentry 6 | . . 6 . . Zionite 1 | . . . . 1 Best Kill Streak 6 | . 2 6 . 1 Combat Bots Only 5 | . 2 5 . . Max Kills in Single Turn 3 | . 1 3 . 1 Gunslinging . | . . . . . Exploded 3 | . . 3 . . Melee 1 | . . 1 . . Uniques/NPCs Destroyed . | . . . . . Combat | -11 -10 -9 -9 -7 -------- Run | Yrd Mat Mat Min Zio Hostile Shots Fired 235 | . 39 170 . 26 Missed 62 | . 10 43 . 9 Damage Taken 2442 | . 241 1928 . 273 Core 459 | . 59 347 . 53 Absorbed by Shields . | . . . . . Regen/Repaired (Parts) 80 | . . 80 . . Core Remaining (%) 88 | 100 76 . . . Volleys Fired 127 | . 25 101 . 1 Largest 2 | . 2 2 . 1 Hottest 100 | . 100 100 . 30 Shots Fired 191 | . 35 155 . 1 Gun 91 | . 20 71 . . Cannon 54 | . . 54 . . Launcher 7 | . . 6 . 1 Special 39 | . 15 24 . . Kinetic 145 | . 20 125 . . Thermal 39 | . 15 24 . . Explosive 7 | . . 6 . 1 Electromagnetic . | . . . . . Robot Hit Streak 18 | . 7 18 . . Robot Miss Streak 4 | . 4 3 . 1 Penetration Max . | . . . . . Secondary Targets 4 | . 1 3 . . Max Gunslinging Chain 1 | . 1 1 . . Shots Hit Robots 109 | . 12 97 . . Core Hits 57 | . 6 49 . 2 Critical Kills . | . . . . . Critical Parts Destroyed . | . . . . . Critical Strikes 2 | . . 2 . . Blast 2 | . . 2 . . Melee Attacks 33 | . . 33 . . Impact . | . . . . . Slashing 33 | . . 33 . . Piercing . | . . . . . Sneak Attacks 3 | . . 3 . . Combat Hostiles . | . . . . . Follow-up Attacks . | . . . . . Damage Inflicted 2185 | . 86 2035 . 64 Guns 866 | . 86 780 . . Cannons 743 | . . 743 . . Explosions 302 | . . 242 . 60 Melee 265 | . . 265 . . Ramming 9 | . . 5 . 4 Kinetic 1609 | . 86 1523 . . Thermal . | . . . . . Explosive 302 | . . 242 . 60 Electromagnetic . | . . . . . Impact . | . . . . . Slashing 265 | . . 265 . . Piercing . | . . . . . Highest Corruption 7 | . . 7 7 7 Average Corruption 7 | . . 7 7 7 Corruption Purged . | . . . . . Corruption Blocked . | . . . . . Effects 32 | . . 24 7 1 Message Errors 8 | . . 7 1 . Matter Fused 8 | . . 7 1 . Heat Flow Errors 3 | . . 2 . 1 Energy Discharges 5 | . . 3 2 . Parts Rejected 1 | . . 1 . . Data Loss (minor) 2 | . . 2 . . Data Loss (major) 2 | . . . 2 . Alerts 2 | . . 1 1 . Weapon Failures 1 | . . 1 . . Overload Shots . | . . . . . Overflow Damage 92 | . . 92 . . Projectiles 6 | . . 6 . . Explosions 19 | . . 19 . . Melee 67 | . . 67 . . Knockbacks 18 | . . 18 . . Impact . | . . . . . Kinetic 14 | . . 14 . . Secondary 4 | . . 4 . . Self-Inflicted Damage 102 | . . 53 . 49 Shots 2 | . . 1 . 1 Rammed . | . . . . . Targets Rammed 3 | . . 2 . 1 Kicked 3 | . . 2 . 1 Crushed . | . . . . . Highest Temperature 198 | . . 198 . 84 Average Temperature 33 | . . 31 . 44 Received Heat Transfer 636 | . . 636 . . Siege Activations . | . . . . . Robots Corrupted 1 | . . 1 . . Combat Hostiles 1 | . . 1 . . Parts Fried 1 | . . 1 . . Impact Corruptions 1 | . . 1 . . Robots Melted . | . . . . . Combat Hostiles . | . . . . . Parts Melted . | . . . . . Heat Transferred . | . . . . . Parts Sabotaged . | . . . . . Parts Stolen . | . . . . . Parts Stripped . | . . . . . Power Chain Reactions . | . . . . . Alert | -11 -10 -9 -9 -7 ------- Run | Yrd Mat Mat Min Zio Peak Influence 441 | . 133 441 171 . Initial 171 | . . 55 171 . Average 100 | . 27 112 171 . Maximum Alert Level 2 | . . 2 . . Low Security (%) 89 | . 100 86 100 . Level 1 7 | . . 10 . . Level 2 2 | . . 3 . . Level 3 . | . . . . . Level 4 . | . . . . . Level 5 . | . . . . . High Security . | . . . . . Max Security . | . . . . . Squads Dispatched 4 | . . 4 . . Investigation 3 | . . 3 . . Extermination . | . . . . . Reinforcement 1 | . . 1 . . Assault . | . . . . . Garrison . | . . . . . Intercept . | . . . . . Searches Triggered . | . . . . . Construction Impeded . | . . . . . Haulers Reinforced . | . . . . . Active Scanning Responses . | . . . . . Cargo Convoy Interrupts . | . . . . . Stealth | -11 -10 -9 -9 -7 --------- Run | Yrd Mat Mat Min Zio Distress Signals 2 | . . 2 . . Communications Jammed . | . . . . . Distress Signals . | . . . . . Times Spotted 52 | . 6 37 1 8 Peak Tracking Total 9 | . 4 5 2 9 Tactical Retreats 6 | . 2 4 . . Traps | -11 -10 -9 -9 -7 ------- Run | Yrd Mat Mat Min Zio Traps Triggered . | . . . . . Indirectly . | . . . . . Trap Hack Attempts . | . . . . . Triggered . | . . . . . Disarmed . | . . . . . Reprogrammed . | . . . . . Reused . | . . . . . Traps Extracted . | . . . . . Installed . | . . . . . Triggered . | . . . . . Machines | -11 -10 -9 -9 -7 ---------- Run | Yrd Mat Mat Min Zio Machines Disabled 2 | . . 2 . . Max in Single Turn 1 | . . 1 . . Machines Repaired . | . . . . . Machines Dismantled . | . . . . . Machines Sabotaged . | . . . . . Overloaded Fab Kills . | . . . . . Hacking | -11 -10 -9 -9 -7 --------- Run | Yrd Mat Mat Min Zio Machines Accessed 10 | . 2 8 . . Terminals 7 | . 2 5 . . Fabricators . | . . . . . Repair Stations 1 | . . 1 . . Recycling Units . | . . . . . Scanalyzers 2 | . . 2 . . Garrison Access . | . . . . . Total Hacks 36 | . 5 31 . . Successful 19 | . 2 17 . . Failed 17 | . 3 14 . . Catastrophic . | . . . . . Database Lockouts . | . . . . . Manual 14 | . 3 11 . . Terminals 24 | . 5 19 . . Fabricators . | . . . . . Repair Stations 3 | . . 3 . . Recycling Units . | . . . . . Scanalyzers 9 | . . 9 . . Garrison Access . | . . . . . Terminal Hacks 4 | . . 4 . . Unreport Threat 1 | . . 1 . . Zone Layout 3 | . . 3 . . Fabricator Hacks . | . . . . . Repair Station Hacks 2 | . . 2 . . Scan Component 1 | . . 1 . . Repair 1 | . . 1 . . Recycling Unit Hacks . | . . . . . Scanalyzer 6 | . . 6 . . Insert Component 3 | . . 3 . . Analyze 3 | . . 3 . . Garrison Access Hacks . | . . . . . Unauthorized Hacks 7 | . 2 5 . . Terminals 7 | . 2 5 . . Botnet 6 | . 1 5 . . Operators 1 | . 1 . . . Fabricators . | . . . . . Repair Stations . | . . . . . Recycling Units . | . . . . . Scanalyzers . | . . . . . Garrison Access . | . . . . . Data Cores Recovered . | . . . . . Used . | . . . . . Hacking Detections 7 | . 1 6 . . Full Trace Events 3 | . . 3 . . Feedback Events . | . . . . . Feedback Blocked . | . . . . . Robot Schematics Acquired . | . . . . . Robots Built . | . . . . . Authchips . | . . . . . Time . | . . . . . Total Robot Build Rating . | . . . . . Part Schematics Acquired 3 | . . 3 . . Parts Built . | . . . . . Authchips . | . . . . . Time . | . . . . . Total Part Build Rating . | . . . . . Parts Repaired 1 | . . 1 . . Time 26 | . . 26 . . Parts Recycled . | . . . . . Recycled Matter . | . . . . . Retrieved Matter . | . . . . . Retrieved Components . | . . . . . Parts Scanalyzed 3 | . . 3 . . Part Schematics Acquired 3 | . . 3 . . Parts Damaged . | . . . . . Bothacking | -11 -10 -9 -9 -7 ------------ Run | Yrd Mat Mat Min Zio Used RIF Installer . | . . . . . Robots Hacked . | . . . . . Non-combat . | . . . . . Combat . | . . . . . Robot Hacks Applied . | . . . . . Relay Couplers Released . | . . . . . Fabnet Peak Effective % . | . . . . . Robots Rewired . | . . . . . Allies Hacked . | . . . . . Hacks Repelled . | . . . . . Allies | -11 -10 -9 -9 -7 -------- Run | Yrd Mat Mat Min Zio Total Allies . | . . . . . Largest Group . | . . . . . Highest-Rated Group . | . . . . . Highest-Rated Ally . | . . . . . Total Orders . | . . . . . Ally Attacks . | . . . . . Total Damage . | . . . . . Kills . | . . . . . Allies Corrupted . | . . . . . Allies Melted . | . . . . . Intel | -11 -10 -9 -9 -7 ------- Run | Yrd Mat Mat Min Zio Robot Analysis Total . | . . . . . Derelict Logs Recovered . | . . . . . Drone Launches . | . . . . . Drone Recoveries . | . . . . . Exploration | -11 -10 -9 -9 -7 ------------- Run | Yrd Mat Mat Min Zio Turns Passed 2859 | . 516 1994 222 127 Spaces Moved 1505 | 1 329 889 183 103 Core 53 | . . 53 . . Treads . | . . . . . Legs 1170 | 1 329 554 183 103 Wheels 202 | . . 202 . . Hover 80 | . . 80 . . Flight . | . . . . . Fastest Speed 95 | 120 120 95 120 120 Average Speed 132 | 120 120 141 120 120 Slowest Speed 350 | 120 120 350 120 120 Overloaded Moves . | . . . . . Propulsion Burnouts . | . . . . . Robots Hopped . | . . . . . Cave-ins Triggered 1 | . . 1 . . Exploration Rate (%) 30 | 2 35 59 39 17 Regions Visited 4 Branch Regions 2 Pre-discovered Areas . | . . . . . Known Exits Taken . | . . . . . Unknown Exits Taken 4 | 1 1 1 1 . Scrap Searched 1 | . . . 1 . Spaces Dug 61 | . 14 47 . . Terrain Destroyed 108 | . 14 84 . 10 Melee 27 | . . 27 . . Projectile 38 | . 14 24 . . AOE 43 | . . 33 . 10 Terrain Rammed 1 | . . 1 . . Walls Destroyed . | . . . . . Machines Disabled . | . . . . . Actions | -11 -10 -9 -9 -7 --------- Run | Yrd Mat Mat Min Zio Total 2037 | . 388 1359 185 105 Wait 278 | . 16 262 . . Move 1501 | . 328 888 182 103 Hop . | . . . . . Pick Up 17 | . 6 10 1 . Fast Attach 13 | . 1 12 . . Attach 11 | . . 10 1 . Detach 2 | . . 2 . . Swap 33 | . 7 25 1 . Drop 18 | . 5 13 . . Fire 127 | . 25 101 . 1 Melee 33 | . . 33 . . Ram 1 | . . 1 . . Kick 3 | . . 2 . 1 Crush . | . . . . . Escape Stasis . | . . . . . Rewire . | . . . . . Trap . | . . . . . Miscellaneous . | . . . . . Route ------- -11/Scrapyard -10/Materials -9/Materials (discovered 2 exits: [*Mat] / [*Min]) -9/Mines -7/Zion History --------- Turn | Location | Event 1 | -11/Scrapyard | Discovered new exit (range 0) 1 | -11/Scrapyard | Entered Materials 330 | -10/Materials | Build established: Mutant 513 | -10/Materials | Discovered new exit (range 4) 517 | -10/Materials | Entered another Materials area 517 | -9/Materials | Evolved 2 slots: Propulsion x1, Utility x1 1375 | -9/Materials | Discovered new exit (range 10) 1570 | -9/Materials | Core integrity fell below 50% 1616 | -9/Materials | Crushed by falling debris 1663 | -9/Materials | Lost 4 parts (1p1u2w) 1863 | -9/Materials | Build established: Scavenger-Mutant 2230 | -9/Materials | Repaired Aluminum Leg 2427 | -9/Materials | Core integrity fell below 20% 2483 | -9/Materials | Discovered new exit (range 16) 2511 | -9/Materials | Entered Mines 2672 | -9/Mines | A Derelict revealed a hidden shortcut to a safe place 2733 | -9/Mines | Entered Zion 2751 | -7/Zion | Given A8's code to call for help 2790 | -7/Zion | System corruption cleaned by Quarantine Array 2832 | -7/Zion | Attacked by Zionites 2860 | -7/Zion | Destroyed by ZX-ZL7(z) with Makeshift Shrapnel Gun Last Messages --------------- under attack! Defend our home! 02832_ ND-NAN(z) pulls a Mak. Sword out of the Twisted Machinery. 02832_ KE-IMN(z) sifts through the Twisted Machinery. 02835_ ZX-ZL7(z) pulls a Mak. Shrapnel Gun out of the Twisted Machinery. 02836_ UB-943(z) pulls a Mak. Hammer out of the Twisted Machinery. 02838_ Imp. Light Cannon destroyed. 02841_ LV-Z25(z) pulls a Mak. Sword out of the Twisted Machinery. 02844_ 8U-VA0(z) emerges from the Twisted Machinery. 02845_ XR-ZZC(z) pulls a Mak. Axe out of the Twisted Machinery. 02847_ ND-NAN(z) destroyed. 02850_ The unstable cave ceiling collapses. 02855_ Field Recycling Unit destroyed. 02858_ Ion Engine destroyed. Map ----- +----------------------------------------------------+ | ?????????????????????????????????????????????????? | | ?????????????????????????????????????????????????? | | ?????????????????????????????????????????????????? | | ?????????????????????????????????????????????????? | | ?????????????????????????????????????????????????? | | ?????????????????????????????????????????????????? | | ?????????????????????????????????????????????????? | | ?????????????????????????????????????????????????? | | ?????????????????????????????????????????????????? | | ?????????????????????????????????????????????????? | | ????????????????????????????????????? ?????????? | | ????????????????????????????????????? ?????????? | | ????????????????????????????????????" "????????" | | ????????????????????????????????????" "??? ???#" | | ????????????????????????????????????" #?? "?""" | | ???????????????????????????????????"" #"" """ | | ?????????????????????????????????#""" """ "" | | ????????????????????????????????#"""" "" "" | | ???????????????????????????????#"""" " "" | | ???????????????????????????????#""" | | ???????????????????????????????#""" | | ??????????????????????????????#""" """" | | ???????????????????????????????#"" " """"" | | ???????????????????????????????##" " """""""" | | ????????????????????????####### "" ""#"" | | ????????????????????????#@ # "" """ | | ???????????????????????##! ! z "" " | | ???????????????????????#! zz """ | | ???????????????????????## lz# %"" """"" | | ????????????????????????##!!!# = """""" | | ?????????????????????????###### c "##""" | | ???????????????????????????????# # """""" | | ???????????????????????????????## ""##""" | | ????????????????????????????????#" """"""""" | | ???????????????????????????????" "" #"" """#"" | | ??????????????????????????????" " "" "???" | | ??????????????????????????????"" " "??" | | ?????????????????????????????## ??? | | ??????????????????????????????## ?? ??? | | ???????????????????????????????"" "????? | | ???????????????????????????????? "????? | | ???????????????????????????????? ????? | | ????????????????????????????????? ?????? | | ????????????????????????????????? " ????????? | | ?????????????????????????????????? ??????????? | | ?????????????????????????????????????????????????? | | ?????????????????????????????????????????????????? | | ?????????????????????????????????????????????????? | | ?????????????????????????????????????????????????? | | ?????????????????????????????????????????????????? | +----------------------------------------------------+ Best States ------------- Heat Dissipation 38 Energy Generation 12 Energy Capacity 265 Matter Stores 300 Matter Capacity 300 Sight Range 16 Terrain Scan Density 10 ECM Strength 1 Armor Coverage 150 Evasion (%) 55 Item Schematics ----------------- Seismic Detector | -9/Materials | Scanalyzed Mining Laser | -9/Materials | Scanalyzed ECM Suite | -9/Materials | Scanalyzed Robot Schematics ------------------ None Fabricated ------------ Nothing Alien Tech Used ----------------- None Achievements -------------- Robot Respite Challenges ------------ None Game ------ Seed SwordMappingShield Manual? 0 Play Time 00:39:58 Cumulative 16.4 hours Start 2024.11.16 @ 21:09:39 End 2024.11.16 @ 21:48:31 Sessions 1 Manual Loads 0 Difficulty Rogue Special Mode None Game No. 32 Rogue 29 Adventurer 3 Explorer 0 Win Type - Total 0 Types 0/0/0/0/0/0/0/0/0 Lore% 4 Gallery% 16 Achievement% 15 Wizard Run 0 Options --------- Layout 1 ASCII 0 Keyboard 0 Movement Arrows Keybinds 0 Fullscreen 1 Font 48/Terminus Map View 50x35 Zoom Use 0% Tactical HUD 1 Map Filters NONE Filters NONE Steam X RUN: d6664d94-7bc0-449e-a9a7-12a526cbcaf1